 Dungeon Crawl Stone Soup version 0.31-a0-1405-g2bb1a01664 (webtiles) character file.

Game seed: 9968574908729212492

48793 jasper the Severer (level 14, -6/109 HPs)
             Began as a Human Fighter on Dec 25, 2023.
             Was the Champion of Okawaru.
             Killed by divine providence
             ... invoked by an orc priest
              (15 damage)
             ... on level 2 of the Orcish Mines.
             The game lasted 00:26:59 (18997 turns).

jasper the Severer (Human Fighter)                 Turns: 18997, Time: 00:26:59

Health: -6/109     AC: 29    Str: 25    XL:     14   Next: 47%
Magic:  19/19      EV: 26    Int:  9    God:    Okawaru [******]
Gold:   2813       SH: 11    Dex: 13    Spells: 4/13 levels left

rFire   . . .        h - +4 broad axe (flame)
rCold   . . .        q - +0 kite shield
rNeg    + . .        Q - +7 plate armour "Wetheceg" {Str+4}
rPois   .            g - +0 helmet
rElec   .            r - +2 cloak
rCorr   .            w - +0 pair of gloves
SInv    .            I - +0 pair of boots
Will    +....        t - amulet of the acrobat Stlth
                     S - ring of positive energy
HPRegen 0.38/turn    E - +5 ring of evasion
MPRegen 0.16/turn

%: acrobat
@: acrobatic
A: explore regen
a: Renounce Religion, Heroism, Finesse, Duel


You were on level 2 of the Orcish Mines.
You worshipped Okawaru.
Okawaru was exalted by your worship.
You visited 4 branches of the dungeon, and saw 20 of its levels.
You also visited: Sewer and Ice Cave.

You collected 2813 gold pieces.

Inventory:

Hand Weapons
 h - a +4 broad axe of flaming (weapon)
Missiles
 b - 3 datura-tipped darts
 p - 6 boomerangs (quivered)
 x - 8 javelins
 M - 6 silver javelins
 T - 2 atropa-tipped darts
Armour
 c - a +0 buckler
 g - a +0 helmet (worn)
 q - a +0 kite shield (worn)
 r - a +2 cloak (worn)
 w - a +0 pair of gloves (worn)
 G - a scarf of resistance
 I - a +0 pair of boots (worn)
 Q - the +7 plate armour "Wetheceg" (worn) {Str+4}
   (Okawaru gifted it to you on level 2 of the Lair of Beasts)

   Str+4:     It affects your strength (+4).
 V - +0 ice dragon scales
Jewellery
 a - the ring of the Equinox {Fly Int+4}
   (You found it in an ice cave)

   [ring of flight]

   Int+4:     It affects your intelligence (+4).
   Fly:       It grants you flight.
 t - an amulet of the acrobat (around neck)
 y - a ring of positive energy
 A - a ring of ice
 E - a +5 ring of evasion (right hand)
 K - a ring of wizardry
 S - a ring of positive energy (left hand)
 U - a ring of positive energy
Wands
 n - a wand of digging (11)
 z - a wand of flame (54)
 F - a wand of polymorph (18)
 H - a wand of paralysis (14)
 P - a wand of mindburst (8)
 R - a wand of iceblast (3)
Scrolls
 e - 7 scrolls of teleportation
 i - 4 scrolls of immolation
 C - 7 scrolls of enchant armour
 D - 3 scrolls of amnesia
 L - a scroll of fear
 N - 2 scrolls of vulnerability
Potions
 d - 2 potions of might
 f - 3 potions of mutation
 j - 2 potions of haste
 k - 2 potions of berserk rage
 l - 5 potions of heal wounds
 o - a potion of enlightenment
 s - 3 potions of brilliance
 u - 6 potions of lignification
 v - 7 potions of curing
 B - a potion of invisibility {unknown}
 J - a potion of attraction {unknown}
 W - a potion of resistance {unknown}
Miscellaneous
 O - a lightning rod (4/4)


   Skills:
 + Level 9.7 Fighting
 - Level 18.0 Axes
 - Level 3.0 Throwing
 + Level 9.7 Armour
 + Level 9.7 Shields
 - Level 7.0 Invocations


You had 4 spell levels left.
You knew the following spells:

 Your Spells              Type           Power      Damage    Failure   Level
a - Yara's Violent Unrav  Hex/Alch       0%         3d3       100%        5
b - Vhi's Electric Charg  Tloc/Air       0%         N/A       100%        4

Your spell library contained the following spells:

 Spells                   Type           Power      Damage    Failure   Level
 Freeze                   Ice            0%         1d3       100%        1
 Magic Dart               Conj           0%         1d3       100%        1
 Blink                    Tloc           0%         N/A       100%        2
 Cigotuvi's Dreadful Rot  Necr/Alch/Air  0%         N/A       100%        2
 Jinxbite                 Hex            0%         N/A       100%        2
 Mercury Vapours          Alch/Air       0%         N/A       100%        2
 Frozen Ramparts          Ice            0%         1d1       100%        3
 Hailstorm                Conj/Ice       0%         3d5       100%        3
 Mephitic Cloud           Conj/Alch/Air  0%         N/A       100%        3
 Volatile Blastmotes      Fire/Tloc      0%         2d10      100%        3
 Dispel Undead            Necr           0%         3d6       100%        4
 Fulminant Prism          Conj/Alch      0%         3d5       100%        4
 Iskenderun's Mystic Bla  Conj/Tloc      0%         2d3       100%        4
 Arcjolt                  Conj/Air       0%         1d10      100%        5
 Freezing Cloud           Conj/Ice/Air   0%         6-21      100%        5
 Eringya's Noxious Bog    Alch           0%         4d6       100%        6
 Enfeeble                 Hex            0%         N/A       100%        7
 Ozocubu's Refrigeration  Ice            0%         4d7       100%        7
 Maxwell's Capacitive Co  Air            0%         ∞         100%        8
 Call Imp                 Summ           Unusable   N/A       N/A         2
 Summon Ice Beast         Ice/Summ       Unusable   N/A       N/A         4
 Summon Forest            Summ/Tloc      Unusable   N/A       N/A         5
 Death Channel            Necr           Unusable   N/A       N/A         6
 Summon Hydra             Summ           Unusable   N/A       N/A         7

Dungeon Overview and Level Annotations

Branches:
Dungeon (13/15)            Temple (1/1) D:5            Lair (4/5) D:11
 Shoals (0/4) Lair:2       Spider (0/4) Lair:3          Orc (2/2) D:10
    Elf (0/3) Orc:2         Sewer (visited)           IceCv (visited)
  Slime: Lair:4-5    Vaults: D:13-14

Altars:
Ashenzari
Cheibriados
Dithmenos
Elyvilon
Fedhas
Gozag
Hepliaklqana
Kikubaaqudgha
Makhleb
Nemelex Xobeh
Okawaru
Qazlal
Ru
Sif Muna
Trog
Uskayaw
Vehumet
Wu Jian
Xom
Yredelemnul
Zin
The Shining One

Shops:
D:1 (   D:4 :   Orc:2 **

Annotations:
D:3 2 runed translucent doors, BigPumpCobain's ghost, amateur MfSh
Temple 2 transporters


Innate Abilities, Weirdness & Mutations

You regain HP and MP as you explore.


Message History

You take 30 damage, and have 50/109 hp.
MASSIVE DAMAGE!!
You closely miss the orc warrior.
The orc warrior is heavily wounded.
You hit the orc warrior but do no damage. x2
You slash the orc warrior! You burn the orc warrior.
You kill the orc warrior!
Okawaru accepts your kill.
You hit the orc warrior. You burn the orc warrior.
The orc warrior is severely wounded.
You slash the orc warrior! You burn the orc warrior!
You kill the orc warrior!
Okawaru accepts your kill.
You hit the orc warrior but do no damage.
A red devil comes into view.
It is wielding a +2 trident of freezing.
The orc warrior hits you but does no damage.
The orc priest casts a cantrip, but nothing happens.
The orc priest calls down the wrath of Beogh upon you.
Beogh smites you! You block the orc warrior's attack.
The orc warrior hits you with a +0 war axe.
An orc comes into view. It is wielding a +0 mace.
You take 15 damage, and have 35/109 hp.
Items here: )) [ †.
The orc priest mumbles some strange prayers to Beogh against you.
Beogh smites you!
* * * LOW HITPOINT WARNING * * *
You take 11 damage, and have 24/109 hp.
The orc warrior attacks as it pursues you!
You block the orc warrior's attack.
The orc warrior attacks as it pursues you!
The orc warrior misses you.
The orc priest begins to cast a cantrip, but forgets the words!
The orc priest mumbles some strange prayers to Beogh against you.
Beogh smites you!
* * * LOW HITPOINT WARNING * * *
Things that are here:
a +0 mace; an orc skeleton You take 16 damage, and have 9/109 hp.
The orc priest invokes the aid of Beogh against you.
Beogh smites you!
You die...

.## ##..## #......... ..# #...#
### ##.#.#.... ..###..## ##.##
####..... ...#...####...## ##..#.
..##......##.#.### ####.#....
..#........#.....## #.##...#...
..#.......#.......## #......###..
..........##.#.....###...^..#.#..
#..........##..)@...#..........#.
###........##..)#....#...........
.##.......###oo###.........#.....
.........###.o## ##.....##....#..
.#....#.###..## ##.........#...
.......###..## ##............
......###oo## ##...........
.....###.o## ##..........
.######)o## ##.........


You could see 4 orc warriors, an orc priest and an orc.

Vanquished Creatures
  A frost giant (IceCv)
  Erica (D:10)
  A boulder beetle (D:11)
  A catoblepas (Lair:3)
  A two-headed ogre (D:12)
  12 death yaks
  A skyshark (Lair:3)
  A pharaoh ant (Lair:3)
  3 deep elf pyromancers
  An orc knight (D:10)
  A manticore (D:12)
  An orc sorcerer (Orc:2)
  2 ugly things
  An elephant (D:11)
  6 black mambas
  An ice statue (IceCv)
  2 kobold blastminers (Orc:2)
  4 cane toads
  An unseen horror (D:11)
  2 gargoyles
  4 komodo dragons
  A rime drake (Lair:3)
  3 trolls
  14 polar bears
  24 blink frogs
  7 dream sheep (Lair:3)
  A snapping turtle (Lair:2)
  2 jumping spiders (Lair:3)
  2 shadows (D:11)
  36 yaks
  A water elemental (Lair:2)
  A basilisk (Lair:1)
  A vampire (D:8)
  A wraith (D:9)
  2 wyverns
  5 steam dragons
  2 wargs (Orc:2)
  A redback (Lair:3)
  Edmund (D:6)
  2 vampire mosquitoes (D:11)
  An acid dragon (D:10)
  12 water moccasins
  A swamp drake (Orc:2)
  Pargi (Sewer)
  An ice beast (D:6)
  12 orc warriors
  4 black bears
  3 sky beasts
  5 ogres
  17 wolves (IceCv)
  3 centaurs
  A kobold brigand (D:8)
  A brain worm (Sewer)
  14 bullfrogs
  A gnoll sergeant (D:8)
  9 scorpions
  5 wights (D:9)
  21 killer bees
  2 howler monkeys (D:6)
  3 electric eels (Lair:1)
  A bombardier beetle (D:5)
  A crimson imp (Orc:2)
  A quasit (D:5)
  4 hounds
  12 orc priests
  Crazy Yiuf (D:3)
  4 jellies
  An iron imp (Orc:2)
  Natasha (twice) (D:3)
  2 iguanas
  2 sleepcaps (D:8)
  15 orc wizards
  4 hell rats (Lair:2)
  Robin (D:3)
  A gnoll (D:6)
  5 adders
  8 shadow imps
  17 white imps
  4 ufetubi
  5 dart slugs
  57 orcs
  3 ball pythons (D:3)
  9 endoplasms
  6 giant cockroaches
  19 goblins
  5 hobgoblins
  2 jackals (D:2)
  15 kobolds
  8 quokkas
  6 bats
  3 frilled lizards
  7 rats
503 creatures vanquished.

Vanquished Creatures (others)
  2 kobold blastminers (Orc:2)
  An orc wizard (Orc:2)
  An orc (D:8)
4 creatures vanquished.

Grand Total: 507 creatures vanquished

Notes
Turn   | Place    | Note
-------+----------+-------------------------------------------
     0 | D:1      | jasper the Human Fighter began the quest for the Orb.
     0 | D:1      | Reached XP level 1. HP: 18/18 MP: 1/1
    96 | D:1      | Found Uhaog's Weapon Shop.
   131 | D:1      | Reached XP level 2. HP: 24/24 MP: 2/2
   238 | D:1      | Reached skill level 3 in Axes
   366 | D:1      | Reached XP level 3. HP: 24/29 MP: 3/3
  1053 | D:2      | Reached skill level 4 in Axes
  1409 | D:2      | Reached XP level 4. HP: 35/35 MP: 4/4
  1789 | D:3      | Found a runed translucent door.
  1790 | D:3      | Noticed Crazy Yiuf
  1847 | D:3      | Killed Crazy Yiuf
  2129 | D:3      | Found a large runed translucent door.
  2132 | D:3      | Found a large runed translucent door.
  2135 | D:3      | Noticed BigPumpCobain's ghost (amateur MfSh)
  2266 | D:3      | Reached skill level 5 in Axes
  2277 | D:3      | Noticed Natasha
  2281 | D:3      | Killed Natasha
  2282 | D:3      | Reached XP level 5. HP: 37/41 MP: 5/5
  2310 | D:3      | Noticed Robin
  2338 | D:3      | Killed Robin
  2494 | D:3      | Reached skill level 6 in Axes
  2711 | D:3      | Reached XP level 6. HP: 47/47 MP: 6/6
  2777 | D:3      | Noticed Natasha
  2783 | D:3      | Killed Natasha
  2847 | D:4      | Found a glowing drain.
  2863 | Sewer    | Entered a sewer
  2925 | Sewer    | Noticed Pargi
  2935 | Sewer    | Killed Pargi
  2936 | Sewer    | Reached skill level 7 in Axes
  2936 | Sewer    | Reached XP level 7. HP: 39/52 MP: 7/7
  3039 | Sewer    | Identified a scroll of acquirement
  3039 | Sewer    | Acquired a +2 broad axe of flaming
  3278 | D:4      | Found Hacimeuwna's Book Shop.
  3358 | D:4      | Reached skill level 8 in Axes
  3464 | D:4      | Found a burning altar of Makhleb.
  3751 | D:4      | Learned a level 5 spell: Yara's Violent Unravelling
  3785 | D:5      | Entered Level 5 of the Dungeon
  3920 | D:5      | Reached skill level 9 in Axes
  3920 | D:5      | Reached XP level 8. HP: 14/58 MP: 8/8
  4281 | D:5      | Found a staircase to the Ecumenical Temple.
  4302 | Temple   | Found a transporter.
  4302 | Temple   | Found a transporter.
  4302 | Temple   | Found a transporter.
  4302 | Temple   | Found a transporter.
  4302 | Temple   | Entered the Ecumenical Temple
  4317 | Temple   | Became a worshipper of Warmaster Okawaru
  4469 | D:5      | Reached skill level 10 in Axes
  4816 | D:5      | Identified the +6 sling of the Queen {freeze, Str+2}
  5171 | D:5      | Reached * piety under Okawaru
  5172 | D:5      | Reached skill level 1 in Invocations
  5581 | D:6      | Reached skill level 1 in Throwing
  5592 | D:6      | Noticed Edmund
  5601 | D:6      | Killed Edmund
  5733 | D:6      | Reached XP level 9. HP: 63/63 MP: 11/11
  5927 | D:6      | Reached ** piety under Okawaru
  6300 | D:6      | Reached skill level 11 in Axes
  7222 | D:8      | Noticed a deep elf pyromancer
  7242 | D:8      | Killed a deep elf pyromancer
  7243 | D:8      | Reached XP level 10. HP: 32/73 MP: 10/12
  7389 | D:8      | Noticed a gargoyle
  7394 | D:8      | Killed a gargoyle
  7421 | D:8      | Reached skill level 5 in Fighting
  7421 | D:8      | Reached skill level 5 in Armour
  7421 | D:8      | Reached skill level 5 in Shields
  7423 | D:8      | Reached *** piety under Okawaru
  7601 | D:8      | Reached skill level 12 in Axes
  8284 | D:9      | Reached **** piety under Okawaru
  8685 | D:9      | Found a sacrificial altar of Ru.
  8685 | D:9      | Found a broken altar of Ashenzari.
  9318 | D:10     | Entered Level 10 of the Dungeon
  9362 | D:10     | Noticed Erica
  9375 | D:10     | Killed Erica
  9376 | D:10     | Reached XP level 11. HP: 58/81 MP: 11/13
  9379 | D:10     | Reached skill level 13 in Axes
  9723 | D:10     | Found a staircase to the Orcish Mines.
 10162 | D:11     | Reached ***** piety under Okawaru
 10381 | D:11     | Found a staircase to the Lair.
 10424 | D:11     | Noticed a boulder beetle
 10456 | D:11     | Killed a boulder beetle
 10610 | D:11     | You fall into a shaft and drop 2 floors!
 10615 | D:13     | Acquired 651 gold pieces
 10630 | D:12     | Noticed a manticore
 10638 | D:12     | Killed a manticore
 10671 | D:12     | Noticed a two-headed ogre
 10680 | D:12     | Killed a two-headed ogre
 10680 | D:12     | Received a gift from Okawaru
 10801 | D:12     | Noticed a purple ugly thing
 10986 | D:11     | Noticed a brown ugly thing
 10996 | D:11     | Killed a brown ugly thing
 11043 | D:11     | Found an iron altar of Okawaru.
 11138 | D:11     | Reached skill level 14 in Axes
 11360 | Lair:1   | Entered Level 1 of the Lair of Beasts
 11382 | D:11     | Reached XP level 12. HP: 51/91 MP: 14/14
 12459 | Lair:1   | Learned a level 4 spell: Vhi's Electric Charge
 12882 | Lair:2   | Received a gift from Okawaru
 12991 | Lair:2   | Found a staircase to the Shoals.
 13291 | Lair:2   | Found a bloodstained altar of Trog.
 13577 | Lair:2   | Reached skill level 15 in Axes
 13585 | Lair:2   | Reached ****** piety under Okawaru
 13709 | Lair:2   | Acquired the +7 plate armour "Wetheceg" {Str+4}
 13709 | Lair:2   | Received a gift from Okawaru
 13725 | Lair:2   | Acquired a +1 battleaxe of distortion
 13725 | Lair:2   | Received a gift from Okawaru
 14096 | Lair:3   | Noticed a catoblepas
 14122 | Lair:3   | Killed a catoblepas
 14122 | Lair:3   | Received a gift from Okawaru
 14130 | Lair:3   | Found a hole to the Spider Nest.
 14431 | Lair:3   | Reached XP level 13. HP: 84/100 MP: 15/15
 14636 | Lair:3   | Received a gift from Okawaru
 15704 | Lair:4   | Reached skill level 5 in Invocations
 16086 | Lair:4   | Identified the +5 ring mail of the Eternal Void {rN+}
 16162 | Lair:4   | Reached skill level 16 in Axes
 16398 | Lair:4   | Received a gift from Okawaru
 16721 | Orc:1    | Entered Level 1 of the Orcish Mines
 16938 | Orc:2    | Entered Level 2 of the Orcish Mines
 17121 | Orc:2    | Found a staircase to the Elven Halls.
 17185 | Orc:2    | Found a frozen archway.
 17206 | IceCv    | Entered an ice cave
 17286 | IceCv    | Reached skill level 17 in Axes
 17349 | IceCv    | Received a gift from Okawaru
 17357 | IceCv    | Identified the ring of the Equinox {Fly Int+4}
 17397 | IceCv    | Reached XP level 14. HP: 108/108 MP: 19/19
 17891 | IceCv    | Reached skill level 18 in Axes
 17969 | IceCv    | Noticed a frost giant
 18005 | IceCv    | Killed a frost giant
 18228 | IceCv    | Received a gift from Okawaru
 18257 | IceCv    | Got the Anthology of Glaciation
 18733 | Orc:2    | Identified the -1 hat "Ogaome" {Rampage Int+3}
 18977 | Orc:2    | Found Gumurhiss's General Store.
 18981 | Orc:2    | Found Tarch's General Store.
 18997 | Orc:2    | Killed from afar by an orc priest

Illustrated notes

Levels and vault maps discovered:
D:1:      roderic_dead_forest, layout_basic, serial_shops, shop
D:2:      layout_basic
D:3:      layout_loops_corners, ebering_ghost_disaster_area, uniq_robin,
          uniq_crazy_yiuf_cottage, uniq_natasha
D:4:      layout_loops_cross, bloody_makhleb, portal_sewer_entry_f,
          serial_shops, shop
D:5:      layout_layer_cave, minmay_temple_entry_drinking_statues,
          serial_demonic, serial_demonic_f, serial_demonic_e, serial_demonic_g,
          serial_demonic_b, serial_demonic_f, serial_demonic_e
D:6:      layout_loops_ring, fountainhead, minmay_misc_feat_nine_boxes,
          kennysheep_small_circle, uniq_edmund
D:7:      layout_rooms
D:8:      layout_cave_pods, nicolae_eternal_life, minivault_23,
          hangedman_minor_gate_pass
D:9:      layout_loops_ring, gammafunk_temple_overflow_statue
D:10:     minmay_clustersquares, layout_rooms, minmay_orc_entry_temple_large,
          serial_shops, nicolae_shop_stone, uniq_erica
D:11:     layout_irregular_city, grunt_lair_entry_orc_guard_hut,
          okawaru_ov_weapons_minmay
D:12:     layout_basic
D:13:     layout_loops_ring
Temple:   hellmonk_temple_divided_pantheon
Lair:1:   layout_chaotic_city, disabler_island, serial_bayou_shore_b
Lair:2:   layout_hall_layers, minmay_shoals_entry_hut, basic_altar
Lair:3:   layout_layer_cave, nicolae_spider_entry_lesser_pyramids
Lair:4:   layout_loops_ring, beast_lair_carwin_6
Orc:1:    cheibrodos_orc_guarddog, layout_diamond_mine
Orc:2:    pf_orc_diabolical, layout_caves, portal_ice_cave_entry_imps,
          hangedman_minor_magic

Skill      XL: |  1  2  3  4  5  6  7  8  9 10 11 12 13 14 |
---------------+-------------------------------------------+-----
Axes           | 3 4 5 6 7 9 10 11 12 14 15 17 18 | 18.0
Invocations    | 3 7 |  7.0
Throwing       | 2 3 |  3.0
Fighting       | 4 6 7 8 9 |  9.7
Armour         | 4 6 7 8 9 |  9.7
Shields        | 4 6 7 8 9 |  9.7

Action                     |  1- 3 |  4- 6 |  7- 9 | 10-12 | 13-15 || total
---------------------------+-------+-------+-------+-------+-------++-------
  Melee: War axe           |    85 |   123 |     4 |       |       ||   212
         Broad axe         |       |       |   233 |   638 |   508 ||  1379
  Throw: Boomerang         |       |       |    18 |    82 |     4 ||   104
 Invoke: Heroism           |       |       |     2 |     4 |     3 ||     9
         Receive Weapon    |       |       |       |     1 |       ||     1
         Receive Armour    |       |       |       |     1 |       ||     1
         Finesse           |       |       |       |       |     1 ||     1
  Evoke: Wand              |       |       |       |    11 |       ||    11
    Use: Scroll            |       |     6 |     6 |     8 |     4 ||    24
         Potion            |       |       |     1 |     4 |       ||     5
   Stab: Confused          |       |     1 |       |       |       ||     1
         Paralysed         |       |       |       |     3 |       ||     3
 Armour: Scale mail        |    73 |    81 |   187 |   177 |       ||   518
         Chain mail        |       |       |       |   223 |       ||   223
         Plate armour      |       |       |       |    54 |   274 ||   328
  Dodge: Dodged            |    46 |    42 |    88 |   319 |   229 ||   724
  Block: Buckler           |    11 |       |       |       |       ||    11
         Kite shield       |     7 |    60 |   138 |   336 |   280 ||   821

Table legend: (Time is in decaauts)
 A = Elapsed time spent in this place.
 B = Non-inter-level travel time spent in this place.
 C = Inter-level travel time spent in this place.
 D = Time resting spent in this place.
 E = Time spent auto-exploring this place.
 F = Levels seen in this place.
 G = Mean time per level.
                   A        B        C        D        E       F      G
               +--------+--------+--------+--------+--------+-----+--------+
         Total |  19126 |  18554 |    572 |   1518 |  13009 |  22 |  869.4 |
       Dungeon |  11573 |  11218 |    355 |    541 |   8436 |  13 |  890.2 |
        Temple |    102 |    102 |      0 |     62 |      0 |   1 |  102.0 |
          Lair |   5053 |   4840 |    213 |    597 |   3408 |   4 | 1263.2 |
  Orcish Mines |   1062 |   1059 |      3 |    160 |    623 |   2 |  531.0 |
         Sewer |    204 |    204 |      0 |      0 |    125 |   1 |  204.0 |
      Ice Cave |   1129 |   1129 |      0 |    156 |    416 |   1 | 1129.0 |
               +--------+--------+--------+--------+--------+-----+--------+

Top non-repeatable levels by time:
     D:5: 1683 daAuts
  Lair:3: 1599 daAuts
    D:11: 1568 daAuts
  Lair:2: 1434 daAuts
     D:8: 1265 daAuts
     D:9: 1236 daAuts
     D:3: 1215 daAuts
   IceCv: 1129 daAuts
  Lair:1: 1119 daAuts
     D:2: 1055 daAuts
     D:6: 938 daAuts
  Lair:4: 900 daAuts
     D:4: 766 daAuts
   Orc:2: 698 daAuts
     D:1: 649 daAuts
